 Dungeon Crawl Stone Soup version 0.22.1-1-ga44c0e5 (webtiles) character file.

59 magicm the Skirmisher (level 3, 0/30 HPs)
             Began as a Demonspawn Chaos Knight on Nov 11, 2018.
             Succumbed to an adder's poison
             ... on level 2 of the Dungeon.
             The game lasted 00:04:31 (680 turns).

magicm the Skirmisher (Demonspawn Chaos Knight)      Turns: 680, Time: 00:04:31

Health: 0/30       AC:  7    Str: 13    XL:     3   Next: 78%
Magic:  3/3        EV: 11    Int: 13    God:    Xom [....*.]
Gold:   18         SH:  4    Dex: 12    Spells: 2/2 levels left

rFire    . . .     SeeInvis .   a - +0 hand axe (chaos)
rCold    . . .     Gourm    .   (no shield)
rNeg     . . .     Faith    .   b - +3 leather armour
rPois    .         Spirit   .   (no helmet)
rElec    .         Reflect  .   (no cloak)
rCorr    .         Harm     .   f - +0 pair of gloves
MR       .....                  (no boots)
Stlth    +.........             (no amulet)
HPRegen  0.10/turn              (no ring)
MPRegen  0.08/turn              (no ring)

@: lethally poisoned (0 -> -3)
A: large bone plates 1, demonic guardian 1
a: Renounce Religion


You were on level 2 of the Dungeon.
You worshipped Xom.
You were a beloved toy of Xom.
You were not hungry.

You visited 1 branch of the dungeon, and saw 2 of its levels.

You collected 18 gold pieces.

Inventory:

Hand Weapons
 a - a +0 hand axe of chaos (weapon)
Armour
 b - a +3 leather armour (worn)
 f - a +0 pair of gloves (worn)
Wands
 g - a wand of flame (26)
Scrolls
 d - 2 scrolls of identify
 e - a scroll of remove curse
Comestibles
 c - 3 rations


   Skills:
 + Level 3.9 Fighting
 + Level 3.4 Axes
 + Level 2.0 Armour
 + Level 1.1 Dodging


You had 2 spell levels left.
You didn't know any spells.
Your spell library was empty.

Dungeon Overview and Level Annotations

Branches:
Dungeon (2/15)

Altars:


Innate Abilities, Weirdness & Mutations

You are partially covered in large bone plates. (SH +4)
A weak demonic guardian rushes to your aid.


Message History

The adder misses you. You block the adder's attack.
You barely miss the adder.
The adder is heavily wounded.
The adder bites you.
* * * LOW HITPOINT WARNING * * *
You are more poisoned.
The adder poisons you!
You hit the adder. You burn the adder.
The adder is severely wounded.
* * * LOW HITPOINT WARNING * * *
You feel sick. The adder closely misses you. The adder barely misses you.
You barely miss the adder.
The adder is severely wounded.
The adder bites you.
* * * LOW HITPOINT WARNING * * *
You aren't carrying any potions.
You closely miss the adder.
The adder is severely wounded.
You die...
Xom laughs nastily!

..........)..#...##...#....#
..).........................
...........)...........### #
.........................
.......................##
...##.....#..#.......#..#
#.#####.=#.......##.. #.
#.......###... #.@#.##.# ###
#.>...S.#.# .# ..#....##.#
.# #...... #.# .# #.#....
..# # #.... .## #.... #....


You could see an adder.

Vanquished Creatures
  2 adders (D:2)
  2 dart slugs (D:1)
  A ball python (D:1)
  4 giant cockroaches
  3 jackals (D:1)
  A bat (D:1)
  2 frilled lizards
  5 goblins
  4 kobolds
  3 rats (D:1)
27 creatures vanquished.

Vanquished Creatures (collateral kills)
  An adder (D:2)
  An ooze (D:2)
  A goblin (D:2)
  A kobold (D:2)
  A rat (D:2)
5 creatures vanquished.

Grand Total: 32 creatures vanquished

Notes
Turn   | Place    | Note
-------+----------+-------------------------------------------
     0 | D:1      | magicm the Demonspawn Chaos Knight began the quest for the
                  | Orb.
     0 | D:1      | Reached XP level 1. HP: 18/18 MP: 1/1
   112 | D:1      | Gained mutation: You are partially covered in large bone
                  | plates. (SH +4) [demonic ancestry]
   112 | D:1      | Reached XP level 2. HP: 23/24 MP: 2/2
   179 | D:1      | XOM: divination: detect items
   194 | D:1      | Reached skill level 1 in Dodging
   197 | D:1      | XOM: silly message
   584 | D:2      | XOM: summons 2 friendly demons
   586 | D:2      | Gained mutation: A weak demonic guardian rushes to your
                  | aid. [demonic ancestry]
   586 | D:2      | Reached XP level 3. HP: 29/30 MP: 3/3
   679 | D:2      | HP: 1/30 [adder (3)]
   680 | D:2      | Succumbed to an adder's poison

Skill      XL: |  1  2  3 |
---------------+----------+-----
Axes           | 3 |  3.4
Dodging        | 1 |  1.1
Armour         | 2 |  2.0
Fighting       | |  3.9

Action                   || total
-------------------------++-------
Melee: Hand axe          ||    83
  Use: Scroll            ||     5
Armor: Leather armour    ||    29
Dodge: Dodged            ||    49
Block: Other             ||    15
